 Dungeon Crawl Stone Soup version 0.21-a0-437-ge5bf024 (webtiles) character file.

39 slep the Slasher (level 3, -2/30 HPs)
             Began as a Barachi Berserker on Nov 10, 2017.
             Was a Follower of Trog.
             Slain by a jackal (3 damage)
             ... on level 2 of the Dungeon.
             The game lasted 00:09:41 (1212 turns).

slep the Slasher (Barachi Berserker)                Turns: 1212, Time: 00:09:42

Health: -2/30      AC:  2    Str: 18    XL:     3   Next: 47%
Magic:  3/3        EV: 12    Int:  5    God:    Trog [*.....]
Gold:   99         SH:  0    Dex: 12    Spells: 2/2 levels left

rFire    . . .     SeeInvis .   q - -3 spear (curse)
rCold    . . .     Gourm    .   (no shield)
rNeg     . . .     Faith    .   b - +0 animal skin
rPois    .         Spirit   .   (no helmet)
rElec    .         Reflect  .   (no cloak)
rCorr    .         Harm     .   (no gloves)
MR       .....                  (no boots)
Stlth    +.........             (no amulet)
HPRegen  0.10/turn              k - -2 ring of intelligence (curse)
MPRegen  0.08/turn              (no ring)

@: slow
A: +LOS, swims, slowness 1, strong legs 1
a: Hop, Berserk, Burn Spellbooks, Renounce Religion


You were on level 2 of the Dungeon.
You worshipped Trog.
Trog was aware of your devotion.
You were hungry.

You visited 1 branch of the dungeon, and saw 2 of its levels.

You collected 99 gold pieces.

Inventory:

Hand Weapons
 a - a +1 falchion
 g - a +0 spear of piercing
 m - a +1 dagger of flaming
 q - a cursed -3 spear (weapon)
Missiles
 d - 7 javelins (quivered)
Armour
 b - a +0 animal skin (worn)
Jewellery
 k - a cursed -2 ring of intelligence (left hand)
Scrolls
 h - a scroll of teleportation
 i - a scroll of identify
 j - a scroll of enchant weapon
Potions
 e - a potion of brilliance {unknown}
 f - a potion of curing
 r - a potion of berserk rage {unknown}
 s - a potion of lignification {unknown}
Comestibles
 c - 4 bread rations
 o - a royal jelly


   Skills:
 + Level 3.9 Fighting
 + Level 4.4 Long Blades
 + Level 1.1 Polearms
 + Level 0.2 Throwing
 + Level 2.5 Armour
 + Level 2.5 Dodging


You had 2 spell levels left.
You didn't know any spells.

Dungeon Overview and Level Annotations

Branches:
Dungeon (2/15)

Altars:
Fedhas


Innate Abilities, Weirdness & Mutations

Shadows flee at your approach. (+LOS)
You can swim through water.
You cover ground slowly.
You can hop short distances.


Message History

* * * LOW HITPOINT WARNING * * *
You barely miss the jackal.
The jackal is heavily wounded.
The jackal completely misses you.
You barely miss the jackal.
The jackal is heavily wounded.
The jackal bites you but does no damage.
The jackal barely misses you.
You hit the jackal.
You kill the jackal!
Trog accepts your kill. The jackal bites you.
* * * LOW HITPOINT WARNING * * *
You miss the jackal. The jackal barely misses you.
You miss the jackal.
The jackal bites you but does no damage. x2
You hit the jackal.
The jackal is moderately wounded.
The jackal bites you.
You die...

...### #.# .#..)#
#.# ...#.# #.#
#.##.# #.#
...#.####.########
...#.............#
.....####.######.#
..........# #>#
.....###### #@#
...### #h# ...#
... #### #####


You could see a jackal.

Vanquished Creatures
  A dart slug (D:1)
  2 leopard geckos (D:2)
  6 bats
  A giant cockroach (D:2)
  2 goblins
  7 hobgoblins
  3 jackals (D:2)
  A quokka (D:2)
  A ball python (D:2)
  A frilled lizard (D:2)
  4 kobolds
  4 rats
33 creatures vanquished.

Notes
Turn   | Place    | Note
-------+----------+-------------------------------------------
     0 | D:1      | slep the Barachi Berserker began the quest for the Orb.
     0 | D:1      | Reached XP level 1. HP: 18/18 MP: 1/1
   271 | D:1      | Reached skill level 4 in Long Blades
   271 | D:1      | Reached XP level 2. HP: 24/25 MP: 2/2
   901 | D:2      | Reached XP level 3. HP: 24/30 MP: 3/3
   949 | D:2      | Found a blossoming altar of Fedhas.
  1068 | D:2      | Reached skill level 1 in Polearms
  1209 | D:2      | HP: 1/30 [jackal (2)]
  1212 | D:2      | Slain by a jackal

Vault maps used:
D:1:      minmay_arrival_checkered_box, bh_walls_and_bars
D:2:      first_bread, chequers_ecumenical_altar_lobes, minmay_hexomino_r4,
          uniq_natasha

Skill      XL: |  1  2  3 |
---------------+----------+-----
Long Blades    | 4 |  4.4
Polearms       | 1 |  1.1
Fighting       | |  3.9
Throwing       | |  0.2
Armour         | |  2.5
Dodging        | |  2.5

Action                   || total
-------------------------++-------
Melee: Spear             ||   153
       Falchion          ||     8
Throw: Javelin           ||     6
  Use: Scroll            ||     5
  Eat: Chunk             ||     1
Armor: Animal skin       ||    33
Dodge: Dodged            ||   107
       Rpst.: Falchion   ||     1

Table legend:
 A = Spawn XP
 B = Non-spawn XP
 C = Spawn XP percentage of total XP
 D = Spawn monster count
 E = Non-spawn monster count
 F = Spawn count percentage of total count
 G = Total turns spent on level
                    A         B        C        D         E        F      G
               +---------+---------+-------+---------+---------+-------+---------
         Total |       0 |      57 |   0.0 |       0 |      33 |   0.0 |  1212
               +---------+---------+-------+---------+---------+-------+---------
           D:1 |       0 |      31 |   0.0 |       0 |      18 |   0.0 |   856
           D:2 |       0 |      26 |   0.0 |       0 |      15 |   0.0 |   356
               +---------+---------+-------+---------+---------+-------+---------
